 Dungeon Crawl Stone Soup version 0.31.0-12-g77e489cdc1 (webtiles) character file.

Game seed: 15016541342099694818

1860 Metae the Covered (level 8, -3/74 HPs)
             Began as a Minotaur Fighter on Feb 14, 2024.
             Incinerated by a bombardier beetle (5 damage)
             ... with a burning spray
             ... on level 5 of the Dungeon.
             The game lasted 00:11:30 (3222 turns).

Metae the Covered (Minotaur Fighter)                Turns: 3222, Time: 00:11:31

Health: -3/74      AC: 11    Str: 23    XL:     8   Next: 89%
Magic:  7/7        EV: 12    Int:  7    God:
Gold:   441        SH:  5    Dex: 10    Spells: 7/7 levels left

rFire   . . .        h - +5 glaive of the Guard {elec, spectral}
rCold   . . .        (shield currently unavailable)
rNeg    . . .        i - +5 ring mail of Dawn {Int+2 SInv}
rPois   .            (helmet restricted)
rElec   .            (no cloak)
rCorr   .            (no gloves)
SInv    +            (no boots)
Will    .....        n - amulet of reflection Stlth
                     (no ring)
HPRegen 0.32/turn    (no ring)
MPRegen 0.10/turn

%: reflection
@: on fire, glowing
A: horns 2, retaliatory headbutt
a: no special abilities


You were on level 5 of the Dungeon.
You visited 1 branch of the dungeon, and saw 5 of its levels.

You collected 441 gold pieces.

Inventory:

Hand Weapons
 a - a +0 trident
 h - the +5 glaive of the Guard (weapon) {elec, spectral}
   (You found it on level 2 of the Dungeon)
Missiles
 g - 2 poisoned darts (quivered)
Armour
 c - a +0 buckler
 f - a +0 plate armour
 i - the +5 ring mail of Dawn (worn) {Int+2 SInv}
   (You found it on level 2 of the Dungeon)

   Int+2:     It affects your intelligence (+2).
   SInv:      It lets you see invisible.
Jewellery
 n - an amulet of reflection (around neck)
Wands
 s - a wand of roots (11)
 t - a wand of acid (11)
Scrolls
 e - 4 scrolls of identify {unknown}
 m - a scroll of poison {unknown}
 q - a scroll of vulnerability {unknown}
Potions
 b - 3 potions of degeneration {unknown}
 d - 3 potions of might
 j - 2 potions of lignification {unknown}
 k - 2 potions of haste {unknown}
 l - a potion of heal wounds {unknown}
 o - 2 potions of brilliance {unknown}
 p - 2 potions of mutation {unknown}
 r - a potion of ambrosia {unknown}


   Skills:
 + Level 7.7 Fighting
 + Level 7.3 Polearms
 + Level 7.7 Armour
 + Level 5.9 Dodging
 - Level 4.2 Shields


You had 7 spell levels left.
You didn't know any spells.
Your spell library contained the following spells:

 Spells                   Type           Power      Damage    Failure   Level
 Slow                     Hex            0%         N/A       56%         1
 Confusing Touch          Hex            0%         N/A       90%         3
 Sigil of Binding         Hex            0%         N/A       90%         3
 Vampiric Draining        Necr           0%         2d6       90%         3
 Manifold Assault         Tloc           0%         N/A       100%        4
 Dispersal                Tloc           0%         N/A       100%        6
 Disjunction              Tloc           0%         N/A       100%        8


Dungeon Overview and Level Annotations

Branches:
Dungeon (5/15)
 Temple: D:4-7

Altars:
Nemelex Xobeh


Innate Abilities, Weirdness & Mutations

You have a pair of horns on your head.
You reflexively headbutt those who attack you in melee.


Message History

Lightning courses through the orc warrior!
You kill the orc warrior!
The ice beast hits you. The ice beast freezes you!
* * * LOW HITPOINT WARNING * * *
The bombardier beetle sprays incendiary fluid at you.
The burning spray hits you.
You are covered in liquid fire!
The ice beast hits you but does no damage.
You slash the ice beast! Your headbutt misses the ice beast.
The ice beast is heavily wounded.
Your +5 glaive of the Guard {elec, spectral} barely misses the ice beast.
The liquid fire burns you!
* * * LOW HITPOINT WARNING * * *
The bombardier beetle sprays incendiary fluid at you.
The burning spray hits you.
You are even more covered in liquid fire!
The ice beast barely misses you. You furiously retaliate!
You headbutt the ice beast! You slash the ice beast!
You kill the ice beast!
Your +5 glaive of the Guard {elec, spectral} disappears.
The liquid fire burns you!
* * * LOW HITPOINT WARNING * * *
The bombardier beetle sprays incendiary fluid at you.
The burning spray hits you.
You are even more covered in liquid fire!
You hit the sleepcap. You headbutt the sleepcap.
The sleepcap is moderately damaged.
Your +5 glaive of the Guard {elec, spectral} hits the sleepcap!!
You destroy the sleepcap!
The liquid fire burns you!
* * * LOW HITPOINT WARNING * * *
The bombardier beetle barely misses your +5 glaive of the Guard {elec, spectral}.
You shake off some of the fire as you move.
Your +5 glaive of the Guard {elec, spectral} disappears.
The liquid fire burns you!
* * * LOW HITPOINT WARNING * * *
You shake off some of the fire as you move.
The liquid fire burns you!
You die...

##......##......
#........#####..
#........# #..
#........# #..
#########........### #..
#(.....###......##.###..
#......# ##....##...##..
#.....†####'####.....##.
#....†.@......'.......#)
#......########.......#)
#......'$...[.#.......#.
########wB....##.....##.
.......#.....#.<
.......#####+### .......
....... ....... #


There were no monsters in sight!

Vanquished Creatures
  Duvessa (D:5)
  An orc warrior (D:5)
  2 ice beasts (D:5)
  Pargi (D:3)
  An ogre (D:4)
  2 phantoms
  4 scorpions
  Dowan (D:5)
  A howler monkey (D:5)
  2 jellies (D:5)
  2 bombardier beetles
  An orc priest (D:5)
  4 hounds
  5 iguanas
  4 sleepcaps (D:5)
  5 orc wizards
  Ijyb (D:5)
  4 adders
  4 gnolls
  A white imp (D:5)
  2 ribbon worms
  3 dart slugs
  14 orcs
  2 endoplasms
  3 giant cockroaches
  4 goblins
  6 hobgoblins
  6 quokkas
  A ball python (D:2)
  3 bats
  4 frilled lizards
  5 kobolds
  2 rats
102 creatures vanquished.

Notes
Turn   | Place    | Note
-------+----------+-------------------------------------------
     0 | D:1      | Metae the Minotaur Fighter began the quest for the Orb.
     0 | D:1      | Reached XP level 1. HP: 19/19 MP: 0/0
   136 | D:1      | Found a faded altar of an unknown god.
   290 | D:1      | Reached XP level 2. HP: 5/27 MP: 1/1
   890 | D:2      | Reached XP level 3. HP: 23/33 MP: 2/2
  1088 | D:2      | Reached skill level 1 in Dodging
  1122 | D:2      | Found the +5 glaive of the Guard {elec, spectral}
  1213 | D:2      | Identified the +5 ring mail of Dawn {Int+2 SInv}
  1415 | D:2      | Reached XP level 4. HP: 40/40 MP: 3/3
  1490 | D:3      | Noticed Pargi
  1490 | D:3      | Found a sparkling altar of Nemelex Xobeh.
  1494 | D:3      | Killed Pargi
  1495 | D:3      | Reached XP level 5. HP: 38/47 MP: 4/4
  1708 | D:3      | Reached skill level 5 in Armour
  2045 | D:4      | Reached skill level 5 in Fighting
  2052 | D:4      | Reached XP level 6. HP: 47/56 MP: 5/5
  2096 | D:4      | Identified the orb of Subjectivity {mayhem, rC- Str+3 Necro
                  | Air}
  2443 | D:4      | Reached XP level 7. HP: 61/61 MP: 6/6
  2444 | D:4      | Reached skill level 5 in Polearms
  2667 | D:5      | Entered Level 5 of the Dungeon
  2753 | D:5      | Noticed Dowan
  2755 | D:5      | Noticed Duvessa
  2761 | D:5      | Killed Duvessa
  2763 | D:5      | Killed Dowan
  2910 | D:5      | Reached XP level 8. HP: 71/71 MP: 7/7
  3053 | D:5      | Noticed Ijyb
  3058 | D:5      | Killed Ijyb
  3137 | D:5      | Reached skill level 5 in Dodging
  3221 | D:5      | HP: 2/74 [burnt (4)]
  3222 | D:5      | Incinerated by a bombardier beetle

Illustrated notes

Levels and vault maps discovered:
D:1:      dreamdust_arrival_sigmund_warning, layout_basic,
          basic_ecumenical_altar
D:2:      layout_basic
D:3:      layout_rooms, nemelex_xobeh_ov_fountains_minmay,
          minmay_misc_feat_doors, uniq_pargi
D:4:      layout_basic
D:5:      minmay_polygon_palace, layout_rooms, uniq_ijyb, uniq_grinder,
          uniq_duvessa

Skill      XL: |  1  2  3  4  5  6  7  8 |
---------------+-------------------------+-----
Armour         | 4 5 6 7 |  7.7
Shields        | 4 |  4.2
Fighting       | 4 5 6 7 |  7.7
Polearms       | 3 4 6 7 |  7.3
Dodging        | 1 2 3 4 5 |  5.9

Action                     |  1- 3 |  4- 6 |  7- 9 || total
---------------------------+-------+-------+-------++-------
  Melee: Trident           |    68 |       |       ||    68
         Headbutt          |     7 |     6 |    12 ||    25
         Glaive            |     7 |    43 |    64 ||   114
 Armour: Scale mail        |    38 |       |       ||    38
         Ring mail         |       |    21 |    25 ||    46
  Dodge: Dodged            |    24 |    14 |    17 ||    55
  Block: Buckler           |    15 |       |       ||    15
         Other             |       |     4 |     2 ||     6
         Reflection        |       |     1 |       ||     1
